 Dungeon Crawl Stone Soup version 0.25-a0-577-ga4619f409e (webtiles) character file.

Game seed: 6520149304810388294, levelgen mode: deterministic

11756 kae the Covert (level 11, 0/54 HPs)
             Began as a Vampire Enchanter on Mar 2, 2020.
             Was an Elder of Dithmenos.
             Slain by a five-headed hydra (14 damage)
             ... on level 11 of the Dungeon.
             The game lasted 00:13:45 (10451 turns).

kae the Covert (Vampire Enchanter)                 Turns: 10451, Time: 00:13:45

Health: 0/54       AC:  8    Str: 21    XL:     11   Next: 53%
Magic:  16/22      EV: 13    Int: 17    God:    Dithmenos [****..]
Gold:   585        SH:  0    Dex: 15    Spells: 15/24 levels left

rFire    . . .     SeeInvis +   a - +3 dagger (venom)
rCold    + + .     Gourm    .   (no shield)
rNeg     + + +     Faith    .   I - +1 robe "Lamauritz" {*Slow Regen+ Str+8 Int-4} (curse)
rPois    ∞         Spirit   .   h - +1 helmet {Int+3}
rElec    .         Reflect  .   s - +1 cloak
rCorr    .         Harm     .   v - +0 pair of gloves
MR       ++...                  (no boots)
Stlth    ++++++++++             (no amulet)
HPRegen  0.00/turn              t - ring of protection from magic
MPRegen  0.18/turn              r - +3 ring of strength

@: bloodless, wreathed by umbra, studying Invocations
A: no food, fangs 3, see invisible, unbreathing
a: Bat Form, Revivify, Shadow Step, Renounce Religion


You were on level 11 of the Dungeon.
You worshipped Dithmenos.
Dithmenos was greatly pleased with you.
You were bloodless.

You visited 2 branches of the dungeon, and saw 12 of its levels.
You also visited: Bailey.

You collected 715 gold pieces.
You spent 130 gold pieces at shops.

Inventory:

Hand Weapons
 a - a +3 dagger of venom (weapon)
 b - a +1 vampiric dagger
 H - the +8 demon blade "Leech" {vamp, *Rage +Rage rN+}
   (You found it in a bailey)

   It inflicts no extra harm, but heals its wielder when it wounds a living foe.
   It protects you from negative energy.
   It lets you go berserk.
   It may make you go berserk in combat.
Armour
 f - a +1 robe
 h - a +1 helmet of intelligence (worn)
 s - a +1 cloak (worn)
 v - a +0 pair of gloves (worn)
 I - the cursed +1 robe "Lamauritz" (worn) {*Slow Regen+ Str+8 Int-4}
   (You found it in a bailey)

   It affects your strength (+8).
   It affects your intelligence (-4).
   It increases your rate of regeneration.
   It may slow you when you take damage.
   If you remove this armour, your AC will decrease by 3 (8 -> 5).
   It has a curse placed upon it.
Jewellery
 d - a +2 ring of protection
 k - an uncursed ring of protection from fire
 n - an uncursed ring of fire
 r - a +3 ring of strength (right hand)
 t - a ring of protection from magic (left hand)
 G - an uncursed ring of protection from cold {unknown}
Wands
 u - a wand of enslavement (6)
 w - a wand of acid (14)
 y - a wand of flame (20)
 B - a wand of scattershot (7)
 E - a wand of disintegration (9)
 F - a wand of digging (6)
 J - a wand of iceblast (10)
Scrolls
 c - 4 scrolls of teleportation
 e - a scroll of magic mapping {unknown}
 j - 4 scrolls of remove curse
 K - a scroll of fear
 L - a scroll of identify
Potions
 g - 4 potions of heal wounds
 i - 3 potions of berserk rage
 l - 3 potions of mutation {unknown}
 m - 2 potions of flight
 o - a potion of resistance
 p - 4 potions of haste {unknown}
 q - 2 potions of brilliance
 x - 3 potions of magic
 z - 2 potions of lignification
 C - a potion of might
Books
 A - a manual of Invocations


   Skills:
 - Level 12.0 Short Blades
 - Level 2.1 Dodging
 - Level 13.0 Stealth
 - Level 7.3 Spellcasting
 - Level 12.0 Hexes
 * Level 6.9 Invocations


You had 15 spell levels left.
You knew the following spells:

 Your Spells              Type           Power        Failure   Level  Hunger
a - Corona                Hex            #####..      1%          1    N/A
b - Ensorcelled Hibernat  Hex/Ice        ####..       1%          2    N/A
c - Confusing Touch       Hex            #####...     1%          3    N/A
d - Tukima's Dance        Hex            #####...     1%          3    N/A

Your spell library contained the following spells:

 Spells                   Type           Power        Failure   Level  Hunger
 Dazzling Flash           Conj/Hex       ####..       2%          3    N/A
 Shock                    Conj/Air       #...         11%         1    N/A
 Poisonous Vapours        Pois/Air       #.....       17%         2    N/A
 Swiftness                Chrm/Air       #.......     17%         2    N/A
 Conjure Flame            Conj/Fire      #.......     32%         3    N/A
 Mephitic Cloud           Conj/Pois/Air  #.......     32%         3    N/A
 Static Discharge         Conj/Air       #.......     32%         3    N/A
 Airstrike                Air            #.........   73%         4    N/A
 Lightning Bolt           Conj/Air       #.........   97%         5    N/A
 Freezing Cloud           Conj/Ice/Air   #.........   100%        6    N/A
 Ring of Flames           Chrm/Fire      #.........   100%        7    N/A

Dungeon Overview and Level Annotations

Branches:
Dungeon (11/15)            Temple (1/1) D:7            Lair (0/6) D:9
    Orc (0/2) D:9          Bailey (visited)

Altars:
Ashenzari
Cheibriados
Dithmenos
Elyvilon
Fedhas
Gozag
Hepliaklqana
Kikubaaqudgha
Makhleb
Nemelex Xobeh
Okawaru
Qazlal
Ru
Sif Muna
Trog
Uskayaw
Vehumet
Wu Jian
Xom
Yredelemnul
Zin
The Shining One

Shops:
D:6 :   D:9 ?


Innate Abilities, Weirdness & Mutations

You do not eat.
You do not regenerate when monsters are visible.
You are frail without blood (-20% HP).
You can heal yourself when you bite living creatures.
You are immune to poison.
You have razor-sharp teeth.
You have supernaturally acute eyesight. (SInv)
You can survive without breathing.


Message History

Aiming: Ensorcelled Hibernation (safe; 1% risk of failure)
Press: ? - help, Shift-Dir - straight line, f/p - five-headed hydra
Aim: a five-headed hydra (umbra, chance to defeat MR: 22%)
The five-headed hydra resists with almost no effort.
The five-headed hydra bites you but does no damage.
The five-headed hydra barely misses you.
The five-headed hydra bites you but does no damage.
The five-headed hydra misses you. x2
Casting: Ensorcelled Hibernation (safe; 1% risk of failure)
Confirm with . or Enter, or press ? or * to list all spells.
Aiming: Ensorcelled Hibernation (safe; 1% risk of failure)
Press: ? - help, Shift-Dir - straight line, f/p - five-headed hydra
Aim: a five-headed hydra (umbra, chance to defeat MR: 22%)
The five-headed hydra resists with almost no effort.
The five-headed hydra bites you!
The five-headed hydra bites you but does no damage.
The five-headed hydra bites you.
* * * LOW HITPOINT WARNING * * *
The five-headed hydra bites you!
You die...

#....#### ..% .# ##
##.....########.###..
.###.....#.##...........
†(.......#..............
.........>..............
#
.......................#
##
..)..........†..........
#.
#............).......#..
. #...............@)...#
###............D##..##
#.......##....# .##
........##.#... ..
.....)...####..#...
....... #... ..# .....
## . .. #.# .


You could see a five-headed hydra.

Vanquished Creatures
  A two-headed ogre (D:10)
  Pikel (D:6)
  An ugly thing (D:11)
  Maurice (D:9)
  Prince Ribbit (D:7)
  5 hippogriffs
  2 trolls
  Sigmund (D:3)
  A wyvern (D:8)
  A human (D:8)
  4 hogs (D:8)
  4 hungry ghosts
  Grum (D:10)
  2 wargs (D:9)
  Duvessa (D:7)
  An eye of draining (D:11)
  3 slaves (D:6)
  2 sky beasts
  3 ice beasts
  11 orc warriors
  2 phantoms
  A black bear (D:7)
  9 ogres
  2 wolves (D:10)
  3 centaurs
  2 big kobolds
  4 bullfrogs
  A gnoll sergeant (D:7)
  Dowan (D:7)
  5 scorpions
  4 killer bees (D:9)
  7 howler monkeys
  4 wights
  2 bullfrog zombies
  5 crimson imps
  A quasit (D:9)
  4 centaur zombies
  7 orc priests
  2 gnoll shamans (D:7)
  7 hounds
  Crazy Yiuf (D:3)
  3 bullfrog skeletons
  2 centaur skeletons
  Ijyb (D:5)
  Terence (D:2)
  2 iguanas
  11 orc wizards
  11 worker ants
  3 hound skeletons (D:5)
  15 gnolls
  8 adders
  A shadow imp (D:5)
  2 oozes
  2 adder skeletons
  4 worms
  4 dart slugs
  7 leopard geckos
  39 orcs
  2 ball pythons
  3 giant cockroaches
  10 goblins
  14 hobgoblins
  8 jackals
  26 kobolds
  4 quokkas
  7 bats
  10 frilled lizards
  A leopard gecko skeleton (D:4)
  A leopard gecko zombie (D:7)
  A quokka skeleton (D:4)
  7 rats
331 creatures vanquished.

Vanquished Creatures (others)
  2 kobolds (D:7)
2 creatures vanquished.

Grand Total: 333 creatures vanquished

Notes
Turn   | Place    | Note
-------+----------+-------------------------------------------
     0 | D:1      | kae the Vampire Enchanter began the quest for the Orb.
     0 | D:1      | Reached XP level 1. HP: 13/13 MP: 3/3
   117 | D:1      | Reached XP level 2. HP: 4/19 MP: 5/5
   487 | D:1      | Reached XP level 3. HP: 24/24 MP: 6/6
   809 | D:1      | Reached skill level 5 in Stealth
  1046 | D:1      | Learned a level 2 spell: Ensorcelled Hibernation
  1050 | D:1      | Learned a level 3 spell: Confusing Touch
  1134 | D:2      | Reached skill level 5 in Hexes
  1286 | D:2      | Reached XP level 4. HP: 30/30 MP: 7/7
  1418 | D:2      | Noticed Terence
  1434 | D:2      | Killed Terence
  1516 | D:2      | Found a hazy altar of Hepliaklqana.
  1896 | D:3      | Noticed Sigmund
  1898 | D:3      | Killed Sigmund
  1898 | D:3      | Reached skill level 6 in Stealth
  1898 | D:3      | Reached XP level 5. HP: 35/35 MP: 7/9
  1898 | D:3      | Reached XP level 6. HP: 41/41 MP: 7/10
  2037 | D:3      | Learned a level 3 spell: Tukima's Dance
  2227 | D:3      | Found a runed translucent door.
  2228 | D:3      | Noticed Crazy Yiuf
  2359 | D:3      | Found a stormy altar of Qazlal.
  2878 | D:3      | Killed Crazy Yiuf
  2950 | D:4      | Found an ancient bone altar of Kikubaaqudgha.
  3187 | D:4      | You fall into a shaft and drop 3 floors!
  3307 | D:6      | Reached skill level 5 in Short Blades
  3329 | D:5      | Entered Level 5 of the Dungeon
  3333 | D:5      | Reached XP level 7. HP: 46/46 MP: 12/12
  3422 | D:5      | Reached skill level 7 in Stealth
  3507 | D:5      | You fall into a shaft and drop 1 floor!
  3765 | D:5      | Noticed Ijyb
  3773 | D:5      | Killed Ijyb
  4095 | D:5      | Reached XP level 8. HP: 52/52 MP: 14/14
  4411 | D:6      | Reached skill level 8 in Stealth
  4889 | D:6      | Found Asitsavu's Book Emporium.
  4917 | D:6      | Found a snail-covered altar of Cheibriados.
  4917 | D:6      | Noticed Pikel
  4963 | D:6      | Killed Pikel
  4963 | D:6      | Reached skill level 9 in Stealth
  5083 | D:7      | Reached skill level 5 in Spellcasting
  5281 | D:7      | Found a hide-covered altar of Uskayaw.
  5285 | D:7      | Found a basalt altar of Yredelemnul.
  5297 | D:7      | Reached XP level 9. HP: 45/45 MP: 13/16
  5503 | D:7      | Found a bloodstained altar of Trog.
  5559 | D:7      | Noticed Duvessa
  5598 | D:7      | Noticed Dowan
  5610 | D:7      | Killed Duvessa
  5614 | D:7      | Killed Dowan
  5726 | D:7      | Found a glowing silver altar of Zin.
  5728 | D:7      | Found a white marble altar of Elyvilon.
  5914 | D:7      | Found a staircase to the Ecumenical Temple.
  5924 | Temple   | Entered the Ecumenical Temple
  5967 | Temple   | Became a worshipper of Dithmenos the Shadowed
  6054 | D:7      | Noticed Prince Ribbit
  6062 | D:7      | Killed Prince Ribbit
  6065 | D:7      | Reached skill level 10 in Stealth
  6355 | D:7      | Reached * piety under Dithmenos
  6535 | D:7      | Found a glowing golden altar of the Shining One.
  6934 | D:8      | Reached skill level 10 in Hexes
  6965 | D:8      | Reached skill level 10 in Short Blades
  6970 | D:8      | Reached XP level 10. HP: 50/50 MP: 8/19
  7028 | D:8      | Reached ** piety under Dithmenos
  7192 | D:8      | Reached skill level 11 in Stealth
  7784 | D:8      | Found a sacrificial altar of Ru.
  8149 | D:9      | Found a staircase to the Lair.
  8244 | D:9      | Found Pookhi's Magic Scroll Shop.
  8256 | D:9      | Bought 3 scrolls of identify for 78 gold pieces
  8259 | D:9      | Bought a scroll of identify for 26 gold pieces
  8259 | D:9      | Bought a scroll of identify for 26 gold pieces
  8273 | D:9      | Found a flagged portal.
  8348 | D:9      | Reached skill level 12 in Stealth
  8402 | Bailey   | Entered a bailey
  8413 | Bailey   | Reached *** piety under Dithmenos
  8442 | Bailey   | Found a bloodstained altar of Trog.
  8586 | Bailey   | Found the +8 demon blade "Leech" {vamp, *Rage +Rage rN+}
  8599 | Bailey   | Got a creamy pearl robe
  8610 | Bailey   | Identified the cursed +1 robe "Lamauritz" {*Slow Regen+
                  | Str+8 Int-4} (You found it in a bailey)
  8744 | D:9      | Noticed Maurice
  8746 | D:9      | Killed Maurice
  8767 | D:9      | Reached XP level 11. HP: 48/54 MP: 18/21
  8866 | D:9      | Found a staircase to the Orcish Mines.
  8914 | D:9      | Found an iron altar of Okawaru.
  9053 | D:9      | Found a burning altar of Makhleb.
  9084 | D:10     | Entered Level 10 of the Dungeon
  9088 | D:10     | Noticed Grum
  9483 | D:10     | Reached **** piety under Dithmenos
  9666 | D:10     | Reached skill level 13 in Stealth
  9755 | D:10     | Reached skill level 1 in Invocations
  9822 | D:10     | Killed Grum
 10174 | D:11     | Noticed a brown ugly thing
 10189 | D:11     | Killed a brown ugly thing
 10189 | D:11     | Reached skill level 5 in Invocations
 10205 | D:11     | Noticed a five-headed hydra
 10271 | D:11     | Noticed a two-headed ogre
 10296 | D:10     | Killed a two-headed ogre
 10451 | D:11     | Slain by a five-headed hydra

Levels and vault maps discovered:
D:1:      minmay_arrival_hallway, layout_loops_corners
D:2:      layout_basic, lemuel_coloured_pillars_altar, uniq_terence
D:3:      layout_loops_ring, marbit_many_paths, uniq_sigmund,
          uniq_crazy_yiuf_cottage
D:4:      layout_basic, kiku_gazebo_pond_becter, first_ration
D:5:      layout_cave_pools, minmay_manual_mail, uniq_ijyb
D:6:      layout_rooms, slow_altar_2, serial_shops, kennysheep_mini_moat,
          uniq_pikel
D:7:      kennysheep_housing_project, layout_cave_pods, good_gods_mini_temple,
          old_standard_altar, grunt_temple_overflow_open,
          minmay_temple_entry_ruins, uniq_duvessa, uniq_prince_ribbit1
D:8:      layout_rooms, nicolae_ru_path_of_blood, grunt_livestock,
          kennysheep_minor_cross
D:9:      layout_roguey, makhleb_heckhound_becter,
          nicolae_overflow_hidden_temple, erik_lair_orcish_takeover,
          david_orc_4, serial_shops, nicolae_shop_window_shopping,
          enter_bailey_6, uniq_maurice
D:10:     layout_basic, kennysheep_potato, uniq_grum
D:11:     layout_cave_pools
Temple:   jpeg_temple_island

Skill      XL: |  1  2  3  4  5  6  7  8  9 10 11 |
---------------+----------------------------------+-----
Short Blades   | 2 4 5 6 8 10 11 12 | 12.0
Stealth        | 5 6 7 9 10 12 13 | 13.0
Hexes          | 5 6 7 8 10 11 12 | 12.0
Spellcasting   | 3 4 5 6 7 |  7.3
Invocations    | 6 |  6.9
Dodging        | |  2.1

Action                   |  1- 3 |  4- 6 |  7- 9 | 10-12 || total
-------------------------+-------+-------+-------+-------++-------
Melee: Dagger            |   102 |   173 |   451 |   342 ||  1068
       Bite              |     4 |    14 |    56 |    41 ||   115
 Cast: Ensorcelled Hiber |     4 |     8 |    42 |    54 ||   108
       Corona            |     1 |     2 |       |     1 ||     4
       Confusing Touch   |       |       |     7 |    11 ||    18
 Abil: Exsanguinate      |       |       |     1 |       ||     1
  Use: Scroll            |       |     6 |     8 |     7 ||    21
       Potion            |       |       |     1 |       ||     1
 Stab: Sleeping          |    16 |    16 |    34 |    63 ||   129
       Confused          |       |       |     8 |    12 ||    20
       Invisible         |       |       |     6 |       ||     6
       Distracted        |       |       |     2 |     1 ||     3
Armor: Robe              |    13 |    47 |    94 |    53 ||   207
Dodge: Dodged            |    46 |    95 |   201 |   186 ||   528

Table legend:
 A = Non-vault XP
 B = Vault XP
 C = Vault XP percentage of total XP
 D = Non-vault monster count
 E = Vault monster count
 F = Vault count percentage of total count
                 A         B        C        D         E       F
            +---------+---------+-------+---------+---------+-------
      Total |   10442 |    6353 |  37.8 |     240 |      88 |  26.8
            +---------+---------+-------+---------+---------+-------
        D:1 |      60 |       0 |   0.0 |      30 |       0 |   0.0
        D:2 |      67 |      36 |  35.0 |      22 |       1 |   4.3
        D:3 |      97 |     262 |  73.0 |      29 |       3 |   9.4
        D:4 |     245 |       0 |   0.0 |      17 |       0 |   0.0
        D:5 |     516 |     226 |  30.5 |      15 |       5 |  25.0
        D:6 |     387 |     617 |  61.5 |      12 |       1 |   7.7
        D:7 |     983 |    1265 |  56.3 |      28 |      31 |  52.5
        D:8 |    2120 |     995 |  31.9 |      30 |       5 |  14.3
        D:9 |    1941 |    1869 |  49.1 |      18 |      26 |  59.1
       D:10 |    2575 |     649 |  20.1 |      29 |       5 |  14.7
       D:11 |    1451 |       0 |   0.0 |      10 |       0 |   0.0
     Bailey |       0 |     434 | 100.0 |       0 |      11 | 100.0
            +---------+---------+-------+---------+---------+-------
